Construct Infanterie Kompanie
Selects Mechanized Battlegroup
Selects Mechanized Battlegroup
Construct Luftwaffe Kompanie
Selects Mobile Repair Stations
Flak 30 Anti-aircraft Gun Team
Selects Wespe Self-propelled Artillery
Wespe Self-propelled Artillery
Construct Panzergrenadier Kompanie
Selects Zeroing Artillery Barrage
Zeroing Artillery Barrage
Marder III M Tank Destroyer
Wespe Self-propelled Artillery
Zeroing Artillery Barrage
Selects 8 Rad Armored Car
Selects UNKNOWN (2160084)